Map: Jagannatha LE

Players

setsuna

  • Race: Terran Terran
  • League: Diamond
  • Spawn Location: 1:00

Pumba - Winner!

  • Race: Zerg Zerg
  • League: Diamond
  • Spawn Location: 7:00

VOD

Have the link to the VOD?

Description

Time

  • Played on: Aug. 31, 2021, 4:22 p.m.
  • Length: 11:40
Show
View Real Time Build Order
Export as new Build Order

setsuna Terran 

Build Orders: 1/1/1 

Get SALT Encoding   

  12  0:00  SCV  
  13  0:12  SCV  
  14  0:18  Supply Depot  
  14  0:24  SCV  
  15  0:40  SCV  
  15  0:42  Barracks  
  16  0:46  Refinery  
  16  0:53  Refinery  
  16  0:55  SCV  
  17  1:07  SCV  
  18  1:19  SCV  
  19  1:30  Supply Depot  
  19  1:32  SCV  
  20  1:39  Factory  
  20  1:41  Marine  
  20  1:44  SCV  
  23  2:02  Marine  
  23  2:07  Orbital Command  
  23  2:26  Factory Tech Lab  
  23  2:28  Starport  
  22  2:51  SCV  
  23  3:03  SCV  
  24  3:06  Siege Tank  
  24  3:09  Fusion Core  
  27  3:15  SCV  
  27  3:16  Supply Depot  
  28  3:27  SCV  
  29  3:42  Command Center  
  29  3:58  Battlecruiser  
  35  4:14  Bunker  
  35  4:15  Refinery  
  35  4:16  Refinery  
  35  4:22  Marine  
  35  4:23  Factory Tech Lab  
  35  4:24  SCV  
  37  4:29  Weapon Refit  
  37  4:39  Marine  
  38  4:57  Marine  
  39  5:26  SCV x2  
  41  5:32  Battlecruiser  
  47  5:36  Supply Depot  
  47  5:38  SCV x2  
  49  5:50  SCV  
  49  5:51  Factory  
  49  5:52  Orbital Command  
  50  5:59  Supply Depot  
  50  6:02  SCV  
  50  6:03  Armory  
  51  6:11  Supply Depot  
  51  6:14  SCV  
  51  6:15  Siege Tank  
  46  6:26  SCV  
  43  6:39  SCV  
  36  6:51  SCV  
  27  7:03  SCV  
  25  7:35  SCV  
  20  7:43  Factory Tech Lab  
  20  7:47  SCV  
  21  7:59  SCV  
  22  8:06  Thor  
  22  8:11  SCV  
  29  8:22  SCV  
  30  8:34  SCV  
  30  8:35  Engineering Bay  
  30  8:37  SCV  
  32  8:53  SCV x2  
  34  9:05  SCV x2  
  36  9:12  Missile Turret  
  36  9:13  Missile Turret  
  36  9:17  SCV x2  
  36  9:19  Missile Turret  
  37  9:29  SCV  
  1  10:01  SCV  
  1  10:02  SCV  
  3  10:14  SCV, Marine  
  1  10:45  Marine  
Show
View Real Time Build Order
Export as new Build Order

Pumba Zerg - Winner!

Build Orders: Pool First 

Get SALT Encoding   

  12  0:01  Drone  
  13  0:13  Overlord  
  13  0:19  Drone  
  14  0:32  Drone x2  
  16  0:42  Drone  
  17  0:47  Drone, Extractor  
  17  0:51  Spawning Pool  
  16  0:57  Drone  
  17  1:18  Hatchery  
  16  1:21  Drone  
  17  1:31  Drone  
  18  1:38  Queen  
  20  1:40  Zergling x2  
  21  1:48  Overlord  
  21  1:54  Metabolic Boost  
  21  1:58  Drone  
  22  2:13  Drone  
  22  2:14  Queen  
  25  2:25  Drone  
  25  2:27  Drone  
  27  2:36  Overlord  
  27  2:37  Overlord  
  27  2:50  Lair  
  26  2:53  Drone  
  26  2:56  Drone x2  
  26  2:57  Drone  
  30  3:02  Drone, Extractor  
  30  3:03  Drone  
  31  3:09  Drone  
  33  3:20  Drone  
  33  3:24  Queen  
  35  3:27  Drone  
  35  3:28  Drone x5  
  35  3:30  Zergling x2  
  35  3:32  Zergling x2  
  43  3:42  Overlord  
  43  3:44  Overlord  
  43  3:48  Overseer  
  43  3:56  Spire  
  43  3:57  Drone x2  
  44  4:17  Hatchery  
  44  4:21  Extractor  
  44  4:22  Extractor  
  41  4:24  Drone x3  
  41  4:26  Drone x2  
  41  4:27  Drone  
  41  4:28  Drone x3  
  50  4:35  Spore Crawler  
  50  4:37  Spore Crawler  
  48  4:41  Queen  
  50  4:58  Overlord x3  
  50  5:00  Drone  
  50  5:02  Drone x3  
  54  5:17  Mutalisk x3  
  54  5:18  Mutalisk x2  
  64  5:24  Mutalisk x2  
  68  5:32  Mutalisk  
  70  5:40  Drone x3  
  70  5:41  Drone x3  
  76  5:55  Zerg Flyer Weapons Level 1  
  76  5:57  Zergling x12  
  82  6:10  Zergling x16  
  90  6:15  Overlord x3  
  75  6:54  Mutalisk x8  
  90  7:04  Zergling x16, Extractor x2  
  96  7:09  Queen  
  96  7:17  Spore Crawler  
  96  7:18  Spore Crawler  
  89  7:35  Drone x3  
  89  7:36  Drone  
  91  7:37  Drone  
  91  7:42  Drone x3  
  91  7:44  Drone x3  
  97  7:47  Drone x6  
  104  8:06  Hatchery  
  104  8:08  Evolution Chamber  
  104  8:09  Evolution Chamber  
  104  8:10  Hatchery, Zerg Flyer Armor Level 1  
  100  8:13  Hatchery  
  100  8:16  Drone x8  
  107  8:24  Drone x6  
  113  8:31  Overlord x2  
  113  8:37  Overlord  
  113  8:38  Overlord x2  
  113  8:41  Zerg Melee Weapons Level 1  
  113  8:44  Zerg Missile Weapons Level 1  
  113  8:50  Roach Warren  
  112  8:56  Drone x2, Extractor  
  112  8:57  Drone, Extractor  
  112  8:58  Drone x3  
  112  9:00  Drone x3  
  112  9:02  Drone x2  
  121  9:15  Overlord  
  116  9:34  Mutalisk x6  
  116  9:35  Mutalisk x7  
  137  9:48  Mutalisk x6  
  143  10:01  Zergling x18  
  143  10:02  Zergling x6  
Tags
 
Add a new tag
Caveats
  • Supply blocks, unpowered buildings, or Contaminate may cause inaccurate times.
  • Supply counts are checked every 10 seconds.